 Dungeon Crawl Stone Soup version 0.28.0-1-gb440e238dd (webtiles) character file.

Game seed: 18257770643874666708

1061 BeingJoeMalik the Slicer (level 8, -5/63 HPs)
             Began as a Black Draconian Fighter on Feb 19, 2022.
             Was an Initiate of Hepliaklqana.
             Slain by an orc warrior (9 damage)
             ... on level 5 of the Dungeon.
             The game lasted 00:12:18 (5580 turns).

BeingJoeMalik the Slicer (Black Draconian Fighter)  Turns: 5580, Time: 00:12:18

Health: -5/63      AC:  7    Str: 21 (24) XL:     8   Next: 6%
Magic:  8/8        EV: 12    Int: 13 (14) God:    Hepliaklqana [......]
Gold:   180        SH:  5    Dex: 12 (14) Spells: 7/7 levels left

rFire   . . .      SeeInvis .   d - +0 dagger (drain)
rCold   . . .      Faith    +   b - +1 buckler
rNeg    . . .      Spirit   .   (armour unavailable)
rPois   .          Reflect  .   (helmet restricted)
rElec   +          Harm     .   (no cloak)
rCorr   .          Rampage  +   (no gloves)
Will    .....                   j - +0 pair of boots of Resonance {Rampage}
Stlth   +.........              l - amulet of faith
HPRegen 0.20/turn               i - +6 ring of strength
MPRegen 0.11/turn               m - +6 ring of intelligence

@: no status effects
A: breathe lightning, AC +6, unfitting armour, electricity resistance,
cold-blooded
a: Breathe Lightning, Renounce Religion


You were on level 5 of the Dungeon.
You worshipped Hepliaklqana.
Hepliaklqana was noncommittal.
You visited 2 branches of the dungeon, and saw 7 of its levels.

You collected 180 gold pieces.

Inventory:

Hand Weapons
 a - a +0 long sword
 d - a +0 dagger of draining (weapon)
Missiles
 k - 6 poisoned darts (quivered)
Armour
 b - a +1 buckler (worn)
 j - the +0 pair of boots of Resonance (worn) {Rampage}
   (You found it on level 2 of the Dungeon)

   Rampage:   It bestows one free step when moving towards enemies.
Jewellery
 i - a +6 ring of strength (left hand)
 l - an amulet of faith (around neck)
 m - a +6 ring of intelligence (right hand)
Potions
 c - 2 potions of might
 e - a potion of flight
 f - 2 potions of degeneration
 g - 2 potions of heal wounds {unknown}
 h - 4 potions of curing {unknown}
 n - a potion of attraction
 o - a potion of mutation {unknown}
 p - a potion of lignification {unknown}


   Skills:
 - Level 3.2 Fighting
 + Level 9.1(9.3) Short Blades
 - Level 2.8(6.4) Long Blades
 - Level 2.6 Dodging
 - Level 3.0 Shields


You had 7 spell levels left.
You didn't know any spells.
Your spell library contained the following spells:

 Spells                   Type           Power      Damage    Failure   Level
 Apportation              Tloc           0%         N/A       38%         1
 Summon Small Mammal      Summ           0%         N/A       38%         1
 Corpse Rot               Necr/Air       0%         N/A       52%         2
 Poisonous Vapours        Pois/Air       0%         N/A       52%         2
 Call Canine Familiar     Summ           0%         N/A       77%         3
 Dazzling Flash           Conj/Hex       0%         N/A       77%         3
 Summon Guardian Golem    Hex/Summ       0%         N/A       77%         3
 Agony                    Necr           0%         N/A       100%        5
 Alistair's Intoxication  Tmut/Pois      0%         N/A       100%        5
 Silence                  Hex/Air        0%         N/A       100%        5


Dungeon Overview and Level Annotations

Branches:
Dungeon (6/15)             Temple (1/1) D:6

Altars:
Ashenzari
Cheibriados
Dithmenos
Elyvilon
Fedhas
Gozag
Hepliaklqana
Kikubaaqudgha
Makhleb
Nemelex Xobeh
Okawaru
Qazlal
Ru
Sif Muna
Trog
Uskayaw
Vehumet
Wu Jian
Xom
Yredelemnul
Zin

Shops:
D:4 *   D:5 :


Innate Abilities, Weirdness & Mutations

You can breathe wild blasts of lightning.
Your glossy black scales are hard. (AC +6)
You cannot fit into any form of body armour.
You are resistant to electric shocks. (rElec)
You are cold-blooded and may be slowed by cold attacks.


Message History

You tail-slap the orc warrior, but do no damage.
The orc warrior is lightly wounded.
An orc wizard comes into view. It is wielding a +0 dagger.
Activating: Breathe Lightning (4% risk of failure)
Press: ? - help, Dir - look around, f - activate You breathe a wild blast of lightning!
The orb of electricity explodes! x2
The orb of electricity engulfs the orc warrior!
The orc warrior is heavily wounded.
The orb of electricity engulfs the orc!!
You kill the orc!
The orb of electricity engulfs you. You resist.
The orc wizard shouts!
You hear a bark!
You hear a shout!
The orc warrior closely misses you.
Unknown command.
Unknown command.
You see here a hound corpse.
You have got your breath back.
A hound comes into view.
The orc wizard mumbles some strange words.
The orc wizard flickers and vanishes!
Deactivating autopickup; reactivate with Ctrl-A.
A magic dart appears from out of thin air!
The magic dart hits you but does no damage.
There is an escape hatch in the ceiling here.
You see here a +2 flail of protection.
There is a stone staircase leading up here.
The orc warrior hits you with a +0 long sword!
* * * LOW HITPOINT WARNING * * *
You climb upwards.
Reactivating autopickup.
There is a stone staircase leading down here.
Unknown command.
The orc warrior hits you with a +0 long sword!
* * * LOW HITPOINT WARNING * * *
You see here a +0 whip.
It was a potion of degeneration.
There was something very wrong with that liquid.
You feel weakened.
You feel dopey.
You feel clumsy.
The orc warrior hits you with a +0 long sword!
You die...

.....####.#####.####### ##
..........# #.......#
.....##########.#####.########
#...## #...................##
##.## #..........#.#####...#
### #...##.##).#.# ###...###
#...##.......# #.......#
#.#.##.##.##.###.......#
#.#....@o....<.........#
#......##.......##...###
####.#####...)>..##...#
#.......##.......####)###
#.##.##.##.......##.....#
#.##.##.##.......##.#.#.#
#.##.##.##.......##.#.#.#
#.##.##.###########.#....
#.##.##.# #.###>#


You could see an orc warrior.

Vanquished Creatures
  A black bear (D:4)
  A sky beast (D:5)
  2 ogres
  A scorpion (D:5)
  A water moccasin skeleton (D:4)
  3 bullfrog zombies
  4 hounds
  An orc priest (D:3)
  A bullfrog skeleton (D:6)
  A centaur skeleton (D:5)
  Terence (D:2)
  An orc wizard (D:6)
  A scorpion zombie (D:5)
  A howler monkey skeleton (D:6)
  4 gnolls
  6 adders
  A worm (D:4)
  3 dart slugs
  9 orcs
  7 endoplasms
  12 giant cockroaches
  11 goblins
  7 hobgoblins
  3 jackals (D:4)
  5 quokkas
  5 ball pythons
  10 bats
  2 frilled lizards (D:1)
  10 kobolds
  6 rats
121 creatures vanquished.

Notes
Turn   | Place    | Note
-------+----------+-------------------------------------------
     0 | D:1      | BeingJoeMalik the Draconian Fighter began the quest for the
                  | Orb.
     0 | D:1      | Reached XP level 1. HP: 19/19 MP: 1/1
   138 | D:1      | Reached XP level 2. HP: 18/26 MP: 2/2
   427 | D:1      | Reached skill level 1 in Short Blades
   962 | D:1      | Reached XP level 3. HP: 29/29 MP: 3/3
  1165 | D:2      | Reached skill level 2 in Short Blades
  1683 | D:2      | Reached skill level 3 in Short Blades
  1683 | D:2      | Reached XP level 4. HP: 38/38 MP: 4/4
  1830 | D:2      | Noticed Terence
  1848 | D:2      | Killed Terence
  1856 | D:2      | Identified the +0 pair of boots of Resonance {Rampage}
  2140 | D:3      | Reached skill level 4 in Short Blades
  2152 | D:3      | Reached XP level 5. HP: 45/45 MP: 5/5
  2783 | D:4      | Reached skill level 5 in Short Blades
  3011 | D:4      | Found Ablaovux's Neck Hole.
  3065 | D:4      | Noticed an ogre
  3083 | D:4      | Killed an ogre
  3084 | D:4      | Reached XP level 6. HP: 31/51 MP: 6/6
  3430 | D:4      | Reached skill level 6 in Short Blades
  3948 | D:5      | Entered Level 5 of the Dungeon
  4128 | D:5      | Reached skill level 7 in Short Blades
  4128 | D:5      | Your scales start taking on a glossy black colour.
  4128 | D:5      | Reached XP level 7. HP: 46/57 MP: 7/7
  4128 | D:5      | Gained mutation: You are resistant to electric shocks.
                  | (rElec) [Black Draconian growth]
  4466 | D:5      | Reached skill level 8 in Short Blades
  4468 | D:5      | Found Poithoeg's Book Shoppe.
  4796 | D:6      | Found a staircase to the Ecumenical Temple.
  4815 | Temple   | Entered the Ecumenical Temple
  5087 | Temple   | Became a worshipper of Hepliaklqana the Forgotten
  5484 | D:6      | Reached skill level 9 in Short Blades
  5484 | D:6      | Reached XP level 8. HP: 42/63 MP: 8/8
  5574 | D:5      | HP: 3/63 [orc warrior (15)]
  5580 | D:5      | Slain by an orc warrior

Illustrated notes

Levels and vault maps discovered:
D:1:      psy_arrival_conway, layout_loops_ring
D:2:      layout_basic, uniq_terence
D:3:      minmay_roachtagon, layout_loops_ring
D:4:      layout_loops_corners, amethyst_killhole,
          nicolae_shop_sticking_my_neck_out
D:5:      layout_loops_cross, serial_shops, nicolae_take_the_stairs
D:6:      layout_rooms, kennysheep_mini_moat, minmay_temple_entry_stoned_glass,
          ebering_ghost_disaster_area
Temple:   nicolae_temple_the_god_donut

Skill      XL: |  1  2  3  4  5  6  7 |
---------------+----------------------+-----
Short Blades   | 1 3 4 5 7 9 |  9.1
Fighting       | |  3.2
Long Blades    | |  2.8
Dodging        | |  2.6
Shields        | |  3.0

Action                   |  1- 3 |  4- 6 |  7- 9 || total
-------------------------+-------+-------+-------++-------
Melee: Long sword        |    25 |       |       ||    25
       Tailslap          |     7 |    36 |    30 ||    73
       Dagger            |   104 |   207 |   160 ||   471
Throw: Dart              |       |     7 |       ||     7
 Abil: Breathe Lightning |       |       |     1 ||     1
  Use: Scroll            |       |     4 |       ||     4
       Potion            |       |       |     1 ||     1
 Stab: Sleeping          |     1 |     1 |       ||     2
Armor: Skin              |    31 |    59 |    28 ||   118
Dodge: Dodged            |    56 |    76 |    35 ||   167
Block: Buckler           |    24 |    30 |    25 ||    79
